cohdb
Replays
Latest Replays
All Replays
Popular Replays
Top Player Replays
Match Explorer
How It Works
Community
CoH3 Stats
Reddit
Sign in to upload your games and track your stats! →
Sign in with Steam
Match 46080285
Unlisted
Match 46080285
Overview
Messages
Build Orders
End
Engineer Squad
Construct Weapon Support Center
Selects Airborne Battlegroup
Selects Heavy Machine Gun Paradrop
Selects Smoke Bombing Run
Heavy Machine Gun Paradrop
Construct Weapon Support Center
Heavy Machine Gun Paradrop
Construct Medical Station
Selects Paratrooper Squad Paradrop
Paratrooper Squad Paradrop
Infantry Support Center
Mortar Pit
Bazooka Squad
Selects Supply Drop
Supply Drop
Paratrooper Squad Paradrop
Bazooka Squad
Leonovsky75
Guziol#
Ra11
HulkSMASH
0
0
Comments
sign in to comment!
No comments posted yet!